Map: Galactic Process LE

Players

Reborn

  • Race: Zerg Zerg
  • League: Diamond

Mike - Winner!

  • Race: Protoss Protoss
  • League: Diamond

VOD

Have the link to the VOD?

Description

Time

  • Played on: Oct. 7, 2016, 5:41 p.m.
  • Length: 12:38
Show
View Real Time Build Order
Export as new Build Order

Reborn Zerg 

Build Orders: Pool First, Muta Ling Bane 

Get SALT Encoding   

  12  0:01  Drone  
  13  0:08  Drone  
  14  0:17  Overlord  
  14  0:21  Extractor  
  14  0:24  Drone  
  15  0:42  Spawning Pool  
  14  0:45  Extractor  
  14  0:46  Drone  
  14  0:51  Drone  
  14  0:54  Drone  
  16  1:01  Drone  
  17  1:12  Drone  
  18  1:23  Drone  
  19  1:29  Queen  
  19  1:31  Overlord  
  21  1:46  Zergling x2  
  22  1:49  Metabolic Boost  
  22  1:54  Drone  
  23  1:56  Extractor  
  22  2:07  Zergling x2  
  24  2:26  Zergling x2  
  24  2:29  Zergling x2  
  26  2:31  Hatchery  
  25  2:39  Zergling x2  
  25  2:40  Zergling x4  
  28  2:45  Zergling x2  
  28  2:46  Extractor  
  28  2:56  Queen  
  28  2:57  Overlord  
  29  3:18  Zergling x4  
  30  3:30  Zergling x6  
  30  3:42  Zergling x2  
  30  3:46  Queen  
  30  3:48  Zergling x2  
  34  3:52  Lair  
  33  3:56  Zergling x4  
  33  4:06  Zergling x4  
  34  4:17  Drone x2  
  35  4:23  Zergling x4  
  36  4:25  Zergling x2  
  36  4:28  Zergling x4  
  38  4:35  Baneling Nest  
  37  4:39  Zergling x4  
  37  4:56  Drone x2  
  37  4:57  Spire  
  38  5:08  Drone x3  
  38  5:09  Drone  
  42  5:17  Extractor  
  42  5:21  Baneling x7  
  41  5:23  Baneling  
  41  5:26  Baneling  
  41  5:30  Drone  
  41  5:31  Drone  
  41  5:34  Zergling x2  
  43  5:56  Overlord  
  43  5:57  Overlord  
  35  6:21  Zergling x4  
  35  6:22  Corruptor x2, Zergling x2  
  41  6:25  Zergling x2  
  41  6:26  Zergling x2  
  41  6:28  Drone x4  
  44  6:42  Zerg Flyer Weapons Level 1  
  44  6:43  Drone, Zergling x2  
  44  6:44  Drone  
  47  6:47  Mutalisk  
  49  6:55  Drone x3  
  49  7:00  Overseer  
  52  7:04  Zergling x2  
  52  7:05  Drone x2  
  55  7:09  Zergling x2  
  55  7:11  Overlord  
  56  7:20  Mutalisk  
  58  7:28  Extractor  
  56  7:50  Spore Crawler x2  
  54  7:53  Corruptor x2  
  54  7:55  Drone x5  
  63  8:02  Hatchery  
  63  8:03  Zergling x6  
  63  8:04  Extractor  
  64  8:09  Zergling x2  
  65  8:18  Spore Crawler  
  64  8:21  Zergling x4  
  64  8:23  Overseer  
  64  8:25  Baneling x4  
  64  8:26  Baneling  
  66  8:29  Baneling  
  66  8:30  Baneling x2  
  66  8:33  Overlord  
  66  8:51  Overlord x2  
  66  8:53  Drone  
  67  8:57  Pneumatized Carapace  
  67  9:07  Centrifical Hooks  
  67  9:10  Baneling  
  67  9:11  Mutalisk, Baneling x2  
  67  9:12  Zergling x8  
  67  9:13  Zergling x2  
  74  9:22  Drone x2, Zergling x2  
  74  9:23  Zergling x2  
  78  9:25  Mutalisk  
  80  9:35  Evolution Chamber  
  65  9:41  Corruptor, Zergling x4  
  62  9:57  Mutalisk x2, Drone x2  
  62  9:58  Zergling x4  
  70  10:02  Zerg Melee Weapons Level 1  
  71  10:07  Zergling x4  
  71  10:14  Mutalisk  
  71  10:15  Zergling x2  
  71  10:18  Baneling  
  71  10:20  Baneling  
  74  10:22  Baneling  
  74  10:23  Baneling x5  
  74  10:29  Drone x2  
  74  10:30  Drone x2  
  78  10:44  Mutalisk, Baneling x2  
  78  10:45  Zergling x4  
  78  10:47  Mutalisk, Zergling x4  
  86  10:53  Evolution Chamber  
  70  11:18  Corruptor x2  
  70  11:19  Corruptor  
  70  11:20  Zergling x2  
  70  11:21  Zergling x4  
  75  11:31  Corruptor  
  75  11:32  Zergling x4  
  75  11:33  Corruptor, Zergling x2  
  75  11:38  Baneling  
  78  11:43  Extractor  
  78  11:44  Extractor  
  78  11:45  Spine Crawler  
  75  11:47  Spine Crawler  
  75  11:48  Spore Crawler  
  75  11:52  Drone x3  
  75  11:53  Drone x4  
  73  12:11  Baneling x3  
  73  12:12  Baneling x4  
  73  12:13  Baneling  
  73  12:14  Zergling x2  
  73  12:15  Zergling x4  
Show
View Real Time Build Order
Export as new Build Order

Mike Protoss - Winner!

Build Orders:  

Get SALT Encoding   

  12  0:01  Probe (Chrono Boost)  
  13  0:11  Probe (Chrono Boost)  
  14  0:22  Probe (Chrono Boost)  
  14  0:23  Pylon  
  15  0:41  Probe (Chrono Boost)  
  16  0:49  Gateway  
  16  0:50  Assimilator  
  16  0:52  Probe (Chrono Boost)  
  17  1:02  Probe (Chrono Boost)  
  18  1:04  Pylon  
  18  1:14  Gateway  
  19  1:25  Probe (Chrono Boost)  
  19  1:37  Cybernetics Core  
  19  1:40  Zealot  
  21  1:57  Pylon  
  22  2:01  Probe (Chrono Boost)  
  22  2:14  Nexus  
  22  2:19  Sentry  
  24  2:23  Assimilator  
  24  2:52  Adept  
  26  3:00  Probe (Chrono Boost)  
  27  3:17  Warp Gate  
  29  3:22  Mothership Core (Chrono Boost)  
  22  3:43  Probe (Chrono Boost)  
  22  3:45  Probe (Chrono Boost)  
  22  3:48  Pylon  
  24  3:54  Probe (Chrono Boost)  
  28  3:57  Probe (Chrono Boost)  
  28  3:59  Pylon  
  28  4:05  Probe (Chrono Boost)  
  28  4:14  Pylon x2  
  28  4:16  Pylon  
  28  4:18  Adept  
  28  4:29  Pylon  
  27  4:42  Pylon  
  27  4:43  Probe (Chrono Boost)  
  27  4:44  Probe (Chrono Boost)  
  29  4:57  Probe (Chrono Boost)  
  29  4:58  Assimilator, Probe (Chrono Boost)  
  31  5:03  Stargate  
  31  5:08  Probe (Chrono Boost)  
  31  5:09  Probe (Chrono Boost)  
  33  5:19  Probe (Chrono Boost)  
  33  5:20  Probe (Chrono Boost)  
  33  5:21  Sentry x2  
  39  5:31  Probe (Chrono Boost)  
  39  5:34  Twilight Council, Gateway  
  39  5:35  Probe (Chrono Boost)  
  42  5:43  Probe (Chrono Boost)  
  42  5:53  Adept x2  
  46  5:57  Probe (Chrono Boost)  
  47  6:17  Pylon  
  43  6:19  Pylon  
  43  6:31  Adept x2  
  45  6:36  Probe (Chrono Boost)  
  45  6:37  Probe (Chrono Boost)  
  47  6:41  Resonating Glaives  
  47  6:44  Oracle  
  51  6:47  Probe (Chrono Boost)  
  51  6:48  Probe (Chrono Boost)  
  51  6:53  Sentry  
  54  6:57  Probe (Chrono Boost)  
  54  6:58  Assimilator  
  54  6:59  Probe (Chrono Boost)  
  56  7:08  Probe (Chrono Boost)  
  57  7:09  Nexus, Probe (Chrono Boost)  
  57  7:15  Pylon  
  58  7:18  Probe (Chrono Boost)  
  58  7:20  Probe (Chrono Boost)  
  58  7:21  Stalker  
  62  7:29  Stalker, Probe (Chrono Boost)  
  65  7:30  Stalker  
  67  7:43  Pylon, Probe (Chrono Boost)  
  68  7:48  Void Ray, Stalker  
  74  7:58  Adept x2  
  78  8:07  Gateway  
  78  8:12  Forge  
  78  8:22  Stalker x2  
  78  8:23  Stargate  
  78  8:24  Pylon  
  82  8:28  Phoenix  
  84  8:38  Probe x2 (Chrono Boost)  
  84  8:40  Probe (Chrono Boost)  
  84  8:41  Zealot  
  89  8:49  Probe (Chrono Boost)  
  89  8:52  Pylon, Probe (Chrono Boost)  
  89  8:53  Probe (Chrono Boost)  
  92  8:56  Phoenix, Pylon  
  92  8:59  Probe (Chrono Boost)  
  92  9:00  Pylon  
  96  9:04  Probe (Chrono Boost)  
  96  9:11  Photon Cannon  
  96  9:12  Pylon  
  96  9:17  Phoenix, Templar Archives  
  96  9:19  Phoenix  
  100  9:29  Adept x2  
  82  9:51  Stalker x3  
  78  9:55  Phoenix  
  78  9:58  Phoenix  
  82  10:06  Stalker  
  84  10:08  Protoss Ground Weapons Level 1  
  82  10:17  Adept x3, Probe (Chrono Boost)  
  82  10:19  Phoenix  
  82  10:21  Pylon  
  91  10:23  Phoenix  
  91  10:24  Photon Cannon  
  91  10:27  Probe (Chrono Boost)  
  94  10:29  Assimilator  
  94  10:32  Photon Cannon  
  94  10:33  Assimilator  
  94  10:36  Photon Cannon x2, Stalker  
  94  10:38  Pylon  
  96  10:44  Phoenix  
  98  10:53  Zealot x3  
  104  10:59  Phoenix  
  98  11:15  Stalker x4  
  106  11:22  Phoenix  
  106  11:24  Phoenix  
  108  11:43  Adept  
  108  11:44  Adept x3  
  110  12:28  Adept x4  
Tags
 
Add a new tag
Caveats
  • Supply blocks, unpowered buildings, or Contaminate may cause inaccurate times.
  • Supply counts are checked every 10 seconds.